 Dungeon Crawl Stone Soup version 0.19.0-11-g3fc08b3 (webtiles) character file.

174 sighowe the Shield-Bearer (level 5, 0/33 HPs)
             Began as a Gargoyle Fighter on Nov 10, 2016.
             Was an Initiate of Gozag.
             Slain by sighowe's ghost (1 damage)
             ... on level 4 of the Dungeon.
             The game lasted 00:07:26 (2255 turns).

sighowe the Shield-Bearer (Gargoyle Fighter)        Turns: 2255, Time: 00:07:56

Health: 0/33       AC: 12    Str: 20    XL:     5   Next: 54%
Magic:  5/5        EV:  7    Int:  9    God:    Gozag
Gold:   371        SH:  9    Dex:  9    Spells: 0 memorised, 4 levels left

rFire  . . .     SeeInvis .     m - +1 hand axe (venom)
rCold  . . .     Gourm    .     b - +0 scale mail
rNeg   + . .     Faith    .     c - +0 shield
rPois  ∞         Spirit   .     (no helmet)
rElec  +         Reflect  .     (no cloak)
rCorr  .         Harm     .     u - +0 pair of gloves
MR     .....                    (no boots)
Stlth  ..........               (no amulet)
                                (no ring)
                                (no ring)

@: no status effects
A: negative energy resistance 1, electricity resistance, unbreathing,
petrification resistance, rot immunity, AC +4
a: Potion Petition, Call Merchant, Bribe Branch, Renounce Religion


You were on level 4 of the Dungeon.
You worshipped Gozag.
Gozag was aware of your devotion.
You were not hungry.

You visited 1 branch of the dungeon, and saw 4 of its levels.

You collected 392 gold pieces.
You paid 21 gold pieces to Gozag.

Inventory:

Hand Weapons
 a - a +0 flail
 m - a +1 hand axe of venom (weapon)
 o - a -3 spear
 v - a cursed -2 mace
Armour
 b - a +0 scale mail (worn)
 c - a +0 shield (worn)
 u - a +0 pair of gloves (worn)
Scrolls
 g - a scroll of identify {unknown}
 j - 3 scrolls of random uselessness {unknown}
 l - a scroll of amnesia {unknown}
 n - a scroll of enchant armour {unknown}
 q - a scroll of fog {unknown}
 r - 2 scrolls of remove curse
Potions
 d - a potion of might
 e - a potion of curing {unknown}
 h - a potion of degeneration {unknown}
 i - 3 potions of flight {unknown}
 k - a potion of cure mutation {unknown}
 s - a potion of heal wounds
 w - a potion of lignification {unknown}
Comestibles
 f - a bread ration
 p - 4 fruits
 t - a meat ration


   Skills:
 + Level 4.1 Fighting
 + Level 1.7(2.3) Axes
 + Level 2.6(3.0) Maces & Flails
 + Level 4.1 Armour
 + Level 0.8 Dodging
 + Level 4.2 Shields


You had 4 spell levels left.
You didn't know any spells.

Dungeon Overview and Level Annotations

Branches:
Dungeon (4/15)
 Temple: D:4-7

Altars:
Gozag

Shops:
D:4 [

Annotations:
D:4 sighowe's ghost, amateur DDAs


Innate Abilities, Weirdness & Mutations

You are resistant to torment.
Your stone body is resilient. (AC +4)
You are immune to poison.
You resist negative energy. (rN+)
You are resistant to electric shocks. (rElec)
You can survive without breathing.
You are immune to petrification.
You are immune to rotting.


Message History

You are too injured to fight recklessly!
You are too injured to fight recklessly!
You are too injured to fight recklessly!
You are too injured to fight recklessly!
You are too injured to fight recklessly!
You are too injured to fight recklessly!
You are too injured to fight recklessly!
You are too injured to fight recklessly!
You are too injured to fight recklessly!
You are too injured to fight recklessly!
You are too injured to fight recklessly!
There is an open door here.
You hit sighowe's ghost but do no damage.
Sighowe's ghost is almost destroyed.
Sighowe's ghost hits you.
* * * LOW HITPOINT WARNING * * *
x2 Sighowe's ghost hits you.
* * * LOW HITPOINT WARNING * * *
You die...
Your body crumbles into a pile of gold.

#....#.#......<.#
#....#...##.....##...#
#....#...##.....##...#
#....#....#..........#
#....#....#..........#
#....#....#..........#
###....#..###.##..##...#
#......#..#### #..##...#
#.....W@...# ... ..
#......#...# ...#
#......#...#
#......##### #.......#
#.......' #.......#
#.......#


You could see sighowe's ghost.

Vanquished Creatures
  Jessica (D:2)
  Robin (D:3)
  6 adders
  2 worms
  4 dart slugs
  3 leopard geckos
  2 orcs (D:3)
  2 giant cockroaches
  19 goblins
  8 hobgoblins
  2 jackals (D:3)
  4 kobolds
  A ball python (D:1)
  5 bats
  4 frilled lizards
64 creatures vanquished.

Notes
Turn   | Place    | Note
-------+----------+-------------------------------------------
     0 | D:1      | sighowe the Gargoyle Fighter began the quest for the Orb.
     0 | D:1      | Reached XP level 1. HP: 14/14 MP: 1/1
    83 | D:1      | Reached XP level 2. HP: 19/19 MP: 2/2
   816 | D:2      | Noticed Jessica
   829 | D:2      | Killed Jessica
   829 | D:2      | Reached XP level 3. HP: 24/24 MP: 3/3
   869 | D:2      | Reached XP level 4. HP: 29/29 MP: 4/4
  1034 | D:2      | Found an opulent altar of Gozag.
  1045 | D:2      | Became a worshipper of Gozag Ym Sagoz the Greedy
  1510 | D:3      | Reached skill level 1 in Axes
  1616 | D:3      | Reached XP level 5. HP: 28/33 MP: 5/5
  1720 | D:3      | Noticed Robin
  1736 | D:3      | Killed Robin
  2212 | D:4      | Found Vecar's Antique Armour Shoppe.
  2241 | D:4      | Noticed sighowe's ghost (amateur DDAs)
  2255 | D:4      | HP: 1/33 [sighowe's ghost (4)]
  2255 | D:4      | Slain by sighowe's ghost

Skill      XL: |  1  2  3  4 |
---------------+-------------+-----
Fighting       | 4 |  4.1
Shields        | 4 |  4.2
Axes           | 1 |  1.7
Armour         | 4 |  4.1
Maces & Flails | |  2.6
Dodging        | |  0.8

Action                   |  1- 3 |  4- 6 || total
-------------------------+-------+-------++-------
Melee: Flail             |    31 |       ||    31
       Hand axe          |    29 |   134 ||   163
  Use: Scroll            |     1 |       ||     1
  Eat: Bread ration      |       |     1 ||     1
Armor: Scale mail        |    33 |    58 ||    91
Dodge: Dodged            |    10 |    26 ||    36
Block: Shield            |    36 |    49 ||    85
